 Dungeon Crawl Stone Soup version 0.31-a0-188-g5e087ee2ca (webtiles) character file.

Game seed: 12200273349372126215

102 qw the Shooter (level 4, -2/27 HPs)
             Began as a Deep Elf Hunter on June 23, 2023.
             Slain by an orc wizard
             ... wielding a +0 dagger
              (3 damage)
             ... on level 2 of the Dungeon.
             The game lasted 00:00:45 (1933 turns).

qw the Shooter (Deep Elf Hunter)                    Turns: 1933, Time: 00:00:46

Health: -2/27      AC:  6    Str: 10    XL:     4   Next: 50%
Magic:  0/6        EV: 11    Int: 14    God:
Gold:   86         SH:  0    Dex: 18    Spells: 3/3 levels left

rFire   . . .        Y - +0 shortbow
rCold   . . .        (shield currently unavailable)
rNeg    . . .        d - +0 ring mail
rPois   .            (helmet restricted)
rElec   .            (no cloak)
rCorr   .            (no gloves)
SInv    .            f - +0 pair of boots
Will    .....        g - amulet of guardian spirit
Stlth   +            (no ring)
HPRegen 0.24/turn    (no ring)
MPRegen 0.10/turn

%: guardian spirit
@: no status effects
A: horns 1, robust 1, screaming 1
a: no special abilities


You were on level 2 of the Dungeon.
You visited 1 branch of the dungeon, and saw 3 of its levels.

You collected 86 gold pieces.


Innate Abilities, Weirdness & Mutations

You have a pair of small horns on your head.
You are robust. (+10% HP)
You occasionally shout uncontrollably at your foes.


   Skills:
 - Level 1.5 Fighting
 + Level 7.9 Ranged Weapons
 - Level 2.4 Dodging
 - Level 1.2 Stealth


You had 3 spell levels left.
You didn't know any spells.
Your spell library was empty.

Inventory:

Hand Weapons
 Y - a +0 shortbow (weapon)
Armour
 d - a +0 ring mail (worn)
 f - a +0 pair of boots (worn)
Jewellery
 g - an amulet of guardian spirit (around neck)
Scrolls
 a - a scroll of identify
Potions
 b - a potion of mutation
 h - a potion of might {unknown}
 i - a potion of lignification {unknown}
 l - a potion of ambrosia {unknown}
 m - a potion of curing {unknown}

Dungeon Overview and Level Annotations

Branches:
Dungeon (3/15)

Altars:


Message History

The orc hits you but does no damage.
1916 ||| STAIRDANCE The orc hits you with a +0 club.
The orc closely misses you. The orc wizard closely misses you.
You climb upwards.
There is a stone staircase leading down here.
You shoot an arrow. The arrow hits the orc!
You kill the orc!
The orc wizard gestures wildly while chanting.
The orc wizard flickers and vanishes!
Deactivating autopickup; reactivate with Ctrl-A.
The orc hits you with a +0 club.
You shoot an arrow. The arrow hits the orc.
The orc is moderately wounded.
You hear some strange, mumbled words.
You are confused.
The orc barely misses you. Something hits you but does no damage.
The orc barely misses you. Something hits you but does no damage.
The orc hits you but does no damage.
You hear some strange, mumbled words.
You are more confused.
The orc barely misses you. Something hits you. The orc closely misses you.
Something completely misses you. The orc closely misses you.
Something hits you but does no damage. The orc hits you but does no damage.
Something hits you but does no damage. The orc hits you but does no damage.
Something hits you. The orc closely misses you.
Something hits you but does no damage. The orc hits you with a +0 club.
Something hits you but does no damage. The orc hits you with a +0 club.
You hear some strange, mumbled words.
A magic dart appears from out of thin air!
The magic dart hits you! The orc hits you with a +0 club.
You feel less confused. Something hits you but does no damage.
The orc hits you but does no damage.
You shoot an arrow. The arrow hits the orc!
You kill the orc!
Something hits you.
You shoot an arrow. Something hits you.
You die...

..........# ###..#.## #..
........).####### ##.#..######%
................### #........#..
.........#.####...#######...###..
.........#...####................
.......%......#####...###.#####..
..........#.........### #.# #..
....%.....#####).{..## #.### #..
..........# ##@....####...#####
..........#####.)##....####....##
#...............####...## ####..#
..........####### ###..### ##)#
..........##### #....## #.#
####.##.......### #..#..## #.#
##.............### ##>##..###..
##...###.####....<#####...#....#.
#.<#..##....#.........#..#####<..


There were no monsters in sight!

Vanquished Creatures
  An orc wizard (D:2)
  2 adders
  A worm (D:2)
  A dart slug (D:2)
  4 orcs
  3 ball pythons
  4 endoplasms
  A giant cockroach (D:2)
  5 goblins
  3 hobgoblins (D:1)
  7 jackals
  2 quokkas
  A bat (D:2)
  3 frilled lizards
  5 kobolds
  6 rats
49 creatures vanquished.

Notes
Turn   | Place    | Note
-------+----------+-------------------------------------------
     0 | D:1      | qw the Deep Elf Hunter began the quest for the Orb.
     0 | D:1      | Reached XP level 1. HP: 12/12 MP: 3/3
     0 | D:1      | 0 ||| qw: Version: 0.3-a-9-g12657ce
     0 | D:1      | 0 ||| qw: Game counter: 3312
     0 | D:1      | 0 ||| qw: Always use a shield: true
     0 | D:1      | 0 ||| qw: God list: Okawaru
     0 | D:1      | 0 ||| qw: Allow faded altars: false
     0 | D:1      | 0 ||| qw: Do Orc after D:15 true
     0 | D:1      | 0 ||| qw: Do second Lair branch before Depths: true
     0 | D:1      | 0 ||| qw: Lair rune preference: random
     0 | D:1      | 0 ||| qw: Plans: Normal
     0 | D:1      | 0 ||| PLANNING D:1-11
   253 | D:1      | Reached XP level 2. HP: 16/16 MP: 4/4
   256 | D:1      | Reached skill level 6 in Ranged Weapons
   932 | D:1      | 932 ||| UPGRADING to +0 ring mail.
   942 | D:1      | 942 ||| DROPPING +0 leather armour.
   943 | D:1      | 943 ||| UPGRADING to amulet of guardian spirit.
   948 | D:1      | 948 ||| READING scroll labelled PUOXET HEWO.
   949 | D:1      | 949 ||| READING scroll labelled RUCHAFF ONEYMAE.
   950 | D:1      | 950 ||| READING scroll labelled OPOWEYVUAV.
   951 | D:1      | 951 ||| READING scroll labelled INGOSATRIH.
   952 | D:1      | 952 ||| DROPPING scroll of butterflies.
  1020 | D:2      | 1020 ||| STAIRDANCE
  1027 | D:1      | HP: 4/16 [jackal (2)]
  1032 | D:1      | HP: 2/16 [jackal (2)]
  1103 | D:2      | 1103 ||| STAIRDANCE
  1108 | D:1      | Reached XP level 3. HP: 9/20 MP: 2/5
  1111 | D:1      | HP: 5/20 [goblin/+0 dagger (1)]
  1182 | D:2      | 1182 ||| STAIRDANCE
  1215 | D:2      | Reached skill level 7 in Ranged Weapons
  1432 | D:2      | Found a faded altar of an unknown god.
  1461 | D:2      | Reached XP level 4. HP: 25/25 MP: 6/6
  1709 | D:2      | 1709 ||| UPGRADING to +0 pair of boots.
  1714 | D:2      | 1714 ||| DROPPING ring of wizardry.
  1715 | D:2      | 1715 ||| READING scroll labelled HONNI RUEBE.
  1750 | D:2      | 1750 ||| READING scroll labelled HAUDWEAVVA.
  1754 | D:2      | 1754 ||| READING scroll labelled YCSIMO BUMP.
  1755 | D:2      | 1755 ||| DRINKING 2 golden potions.
  1755 | D:2      | Gained mutation: You occasionally shout uncontrollably at
                  | your foes. [potion of mutation]
  1755 | D:2      | Gained mutation: You are robust. (+10% HP) [potion of
                  | mutation]
  1755 | D:2      | Gained mutation: You have a pair of small horns on your
                  | head. [potion of mutation]
  1791 | D:3      | 1791 ||| FLEEEEING.
  1792 | D:3      | 1792 ||| FLEEEEING.
  1793 | D:3      | 1793 ||| FLEEEEING.
  1794 | D:3      | 1794 ||| FLEEEEING.
  1795 | D:3      | 1795 ||| FLEEEEING.
  1796 | D:3      | 1796 ||| FLEEEEING.
  1797 | D:3      | 1797 ||| FLEEEEING.
  1798 | D:3      | 1798 ||| FLEEEEING.
  1802 | D:3      | 1802 ||| STAIRDANCE
  1818 | D:3      | 1818 ||| STAIRDANCE
  1860 | D:3      | 1860 ||| FLEEEEING.
  1861 | D:3      | 1861 ||| FLEEEEING.
  1862 | D:3      | 1862 ||| FLEEEEING.
  1863 | D:3      | 1863 ||| FLEEEEING.
  1864 | D:3      | 1864 ||| FLEEEEING.
  1865 | D:3      | 1865 ||| FLEEEEING.
  1866 | D:3      | 1866 ||| FLEEEEING.
  1867 | D:3      | 1867 ||| STAIRDANCE
  1916 | D:3      | 1916 ||| STAIRDANCE
  1930 | D:2      | HP: 5/27 [something/magic dart (6)]
  1930 | D:2      | HP: 2/27 [orc/+0 club (3)]
  1933 | D:2      | Slain by an orc wizard

Levels and vault maps discovered:
D:1:      ncdulo_lavacross, layout_basic
D:2:      layout_rooms, chequers_ecumenical_altar_simple_redux,
          item_on_display_a
D:3:      layout_loops_ring, serial_shops, shop, shop, nicolae_shop_crystal,
          shop, shop, minmay_starry_boxes

Skill      XL: |  1  2  3 |
---------------+----------+-----
Ranged Weapons | 6 7 |  7.9
Fighting       | |  1.5
Dodging        | |  2.4
Stealth        | |  1.2

Action                     |  1- 3 |  4- 6 || total
---------------------------+-------+-------++-------
   Fire: Shortbow          |   111 |    26 ||   137
    Use: Scroll            |     4 |     3 ||     7
         Potion            |       |     1 ||     1
 Armour: Ring mail         |    42 |    18 ||    60
  Dodge: Dodged            |    68 |    12 ||    80

Table legend:
 A = Non-vault XP
 B = Vault XP
 C = Vault XP percentage of total XP
 D = Non-vault monster count
 E = Vault monster count
 F = Vault count percentage of total count
                 A         B        C        D         E       F
            +---------+---------+-------+---------+---------+-------
      Total |     147 |       0 |   0.0 |      49 |       0 |   0.0
            +---------+---------+-------+---------+---------+-------
        D:1 |      53 |       0 |   0.0 |      26 |       0 |   0.0
        D:2 |      86 |       0 |   0.0 |      20 |       0 |   0.0
        D:3 |       8 |       0 |   0.0 |       3 |       0 |   0.0
            +---------+---------+-------+---------+---------+-------
